 Dungeon Crawl Stone Soup version 0.31-a0-216-g22e908daa7 (webtiles) character file.

Game seed: 11565447261085296623

858 qw the Shooter (level 8, -1/48 HPs)
             Began as a Gargoyle Hexslinger on July 2, 2023.
             Slain by a scorpion (5 damage)
             ... on level 5 of the Dungeon.
             The game lasted 00:01:19 (3589 turns).

qw the Shooter (Gargoyle Hexslinger)                Turns: 3589, Time: 00:01:20

Health: -1/48      AC: 10    Str: 12    XL:     8   Next: 2%
Magic:  9/9        EV: 10    Int: 14    God:
Gold:   179        SH:  0    Dex: 14    Spells: 8/9 levels left

rFire   . . .        Y - +3 sling
rCold   . . .        (no shield)
rNeg    + . .        e - +0 ring mail
rPois   inf          (no helmet)
rElec   +            (no cloak)
rCorr   .            (no gloves)
SInv    .            (no boots)
Will    .....        (no amulet)
Stlth   +            (no ring)
HPRegen 0.28/turn    (no ring)
MPRegen 0.11/turn

%: no passive effects
@: no status effects
A: sickness immunity, AC +5, negative energy resistance 1, electricity
resistance, torment resistance 1, petrification resistance
a: no special abilities


You were on level 5 of the Dungeon.
You visited 1 branch of the dungeon, and saw 7 of its levels.

You collected 267 gold pieces.
You spent 88 gold pieces at shops.


Innate Abilities, Weirdness & Mutations

You are immune to sickness and miasma.
Your stone body is resilient. (AC +5)
You are immune to poison.
You resist negative energy. (rN+)
You are resistant to electric shocks. (rElec)
You are resistant to unholy torment.
You are immune to petrification.


   Skills:
 - Level 4.8 Fighting
 + Level 7.6 Ranged Weapons
 - Level 1.6 Armour
 - Level 1.5 Dodging
 - Level 1.0 Spellcasting
 - Level 2.6 Hexes


You had 8 spell levels left.
You knew the following spells:

 Your Spells              Type           Power      Damage    Failure   Level
a - Slow                  Hex            32%        N/A       19%         1

Your spell library contained the following spells:

 Spells                   Type           Power      Damage    Failure   Level
 Inner Flame              Hex/Fire       4%         N/A       69%         3
 Portal Projectile        Hex/Tloc       8%         N/A       69%         3
 Cause Fear               Hex            4%         N/A       88%         4

Inventory:

Hand Weapons
 Y - a +3 sling (weapon)
Armour
 c - a +0 pair of boots
 e - a +0 ring mail (worn)
 h - a +0 pair of gloves
Jewellery
 k - an amulet of guardian spirit
Potions
 a - a potion of resistance {unknown}
 b - a potion of enlightenment {unknown}
 d - 2 potions of cancellation
 f - a potion of degeneration {unknown}
 g - a potion of invisibility {unknown}
 j - a potion of curing {unknown}
 l - a potion of lignification {unknown}
 m - a potion of haste {unknown}

Dungeon Overview and Level Annotations

Branches:
Dungeon (7/15)
 Temple: D:4-7

Altars:

Shops:
D:2 !


Message History

You climb downwards.
You hear the hiss of flowing sand.
There is an entrance to an ossuary on this level.
Hurry and find it before the portal is buried!
You hear the brisk hiss of a distant avalanche of sand.
The scorpion stings you but does no damage.
The scorpion stings you.
There is a stone staircase leading up here.
3582 ||| STAIRDANCE The scorpion barely misses you.
The kobold brigand barely misses you.
You climb upwards.
You hear the sound of rushing water.
There is an entrance to a sewer on this level.
Hurry and find it before the portal rusts away!
There is a stone staircase leading down here.
You shoot a sling bullet.
The sling bullet closely misses the scorpion.
The scorpion barely misses you.
The kobold brigand hits you with a +5 whip!
The scorpion stings you but does no damage.
You shoot a sling bullet.
The sling bullet hits the scorpion but does no damage.
The kobold brigand hits you with a +5 whip!
The scorpion stings you but does no damage.
You shoot a sling bullet.
The sling bullet barely misses the scorpion.
The scorpion stings you but does no damage.
The kobold brigand hits you with a +5 whip!
You shoot a sling bullet.
The sling bullet closely misses the scorpion.
The scorpion stings you but does no damage.
The kobold brigand hits you with a +5 whip.
The scorpion barely misses you. The kobold brigand misses you.
You shoot a sling bullet.
The sling bullet hits the scorpion but does no damage.
You hear the slow rusting of a very distant drain.
The scorpion stings you.
The kobold brigand hits you with a +5 whip.
You shoot a sling bullet.
The sling bullet closely misses the scorpion.
The scorpion stings you.
You die...

#####
#@s$#
#K)##..#
#..## #
#..#
#..#
#..#
#.## .#


You could see a kobold brigand and a scorpion.

Vanquished Creatures
  Grinder (D:3)
  A black bear (D:3)
  2 ogres
  2 bullfrogs
  A scorpion (D:4)
  2 hounds
  A sleepcap (D:6)
  An iguana (D:4)
  3 adders
  A worm (D:4)
  2 dart slugs
  5 orcs
  8 endoplasms
  3 giant cockroaches
  7 goblins
  6 hobgoblins
  3 quokkas
  4 ball pythons
  4 bats
  A frilled lizard (D:3)
  10 kobolds
  6 rats
74 creatures vanquished.

Notes
Turn   | Place    | Note
-------+----------+-------------------------------------------
     0 | D:1      | qw the Gargoyle Hexslinger began the quest for the Orb.
     0 | D:1      | Reached XP level 1. HP: 12/12 MP: 2/2
     0 | D:1      | 0 ||| qw: Version: 0.3-a-35-g05ef00e
     0 | D:1      | 0 ||| qw: Game counter: 7818
     0 | D:1      | 0 ||| qw: Melee chars always use a shield: true
     0 | D:1      | 0 ||| qw: God list: Okawaru
     0 | D:1      | 0 ||| qw: Allow faded altars: false
     0 | D:1      | 0 ||| qw: Do Orc after clearing Dungeon:15 true
     0 | D:1      | 0 ||| qw: Do second Lair branch before Depths: true
     0 | D:1      | 0 ||| qw: Lair rune preference: random
     0 | D:1      | 0 ||| qw: Goals: Normal
     0 | D:1      | 0 ||| PLANNING D:1-11
   274 | D:1      | Reached XP level 2. HP: 16/16 MP: 3/3
   518 | D:1      | Reached skill level 3 in Ranged Weapons
   925 | D:1      | Reached XP level 3. HP: 17/21 MP: 4/4
  1040 | D:1      | 1040 ||| UPGRADING to +0 ring mail.
  1050 | D:1      | 1050 ||| DROPPING +0 robe.
  1051 | D:1      | 1051 ||| READING scroll labelled AFUASO GEIGA.
  1052 | D:1      | 1052 ||| READING scroll labelled LONEUL ZOHOU.
  1053 | D:1      | 1053 ||| READING scroll labelled BUOGHI COER.
  1054 | D:1      | 1054 ||| READING scroll labelled ACZUNT GUROMO.
  1055 | D:1      | 1055 ||| DRINKING 2 silvery potions.
  1056 | D:1      | 1056 ||| DRINKING 2 blue potions.
  1057 | D:1      | 1057 ||| DRINKING 2 bubbling golden potions.
  1058 | D:1      | 1058 ||| DROPPING scroll of poison.
  1059 | D:1      | 1059 ||| DROPPING potion of attraction.
  1334 | D:2      | Found Sijy's Distillery.
  1337 | D:2      | 1337 ||| BUYING potion of cancellation (88 gold).
  1337 | D:2      | Bought a potion of cancellation for 88 gold pieces
  1337 | D:2      | 1337 ||| SHOPLISTING potion of heal wounds (55 gold, have
                  | 29).
  1337 | D:2      | 1337 ||| SHOPLISTING potion of mutation (88 gold, have 29).
  1624 | D:2      | 1624 ||| READING scroll labelled CACUZXISEO.
  1625 | D:2      | 1625 ||| READING scroll labelled IRUATY PUPTIHU.
  1626 | D:2      | 1626 ||| READING 2 scrolls labelled BAIMAE REIDO.
  1627 | D:2      | 1627 ||| READING scroll of enchant weapon.
  1627 | D:2      | 1627 ||| ENCHANTING +2 sling.
  1628 | D:2      | 1628 ||| READING scroll labelled ECEFIEWEIFF.
  1765 | D:3      | Reached XP level 4. HP: 26/26 MP: 5/5
  1874 | D:3      | Noticed a black bear
  1880 | D:3      | Killed a black bear
  1881 | D:3      | Reached skill level 5 in Ranged Weapons
  1881 | D:3      | Reached XP level 5. HP: 12/30 MP: 6/6
  2049 | D:3      | Reached skill level 1 in Armour
  2092 | D:3      | Noticed Grinder
  2093 | D:3      | Paralysed by Grinder for 4 turns
  2106 | D:3      | Killed Grinder
  2107 | D:3      | Reached XP level 6. HP: 17/40 MP: 7/7
  2228 | D:3      | Identified the +9 dagger of Sihikkei {vamp, Drain rElec rC+
                  | Dex+5}
  2648 | D:3      | 2648 ||| READING scroll labelled SUSMYJ HIJEHUT.
  2858 | D:4      | Reached XP level 7. HP: 44/44 MP: 8/8
  3157 | D:4      | You fall into a shaft and drop 3 floors!
  3169 | D:7      | Reached skill level 6 in Ranged Weapons
  3347 | D:7      | 3347 ||| FLEEEEING.
  3348 | D:7      | 3348 ||| FLEEEEING.
  3349 | D:7      | 3349 ||| STAIRDANCE
  3351 | D:6      | 3351 ||| PLANNING OSSUARY
  3364 | D:6      | Reached skill level 7 in Ranged Weapons
  3487 | D:6      | 3487 ||| FLEEEEING.
  3492 | D:6      | 3492 ||| STAIRDANCE
  3493 | D:5      | Entered Level 5 of the Dungeon
  3521 | D:6      | 3521 ||| Stepping ~*~*~tactically~*~*~ (outnumbered).
  3525 | D:6      | 3525 ||| Stepping ~*~*~tactically~*~*~ (outnumbered).
  3527 | D:6      | 3527 ||| Stepping ~*~*~tactically~*~*~ (outnumbered).
  3535 | D:6      | 3535 ||| STAIRDANCE
  3539 | D:5      | HP: 6/44 [ogre/+0 giant spiked club (29)]
  3540 | D:5      | 3540 ||| DRINKING potion of heal wounds.
  3542 | D:5      | Reached XP level 8. HP: 37/48 MP: 9/9
  3582 | D:6      | 3582 ||| STAIRDANCE
  3587 | D:5      | HP: 11/48 [kobold brigand/+5 whip (6)]
  3588 | D:5      | HP: 4/48 [kobold brigand/+5 whip (4)]
  3589 | D:5      | Slain by a scorpion

Levels and vault maps discovered:
D:1:      matt_arrival_spirals, layout_basic
D:2:      layout_rooms, serial_shops, nicolae_shop_tiny_real_fake_doors,
          palyth_stone_intersect
D:3:      layout_basic, uniq_grinder
D:4:      layout_gridville, mainiacjoe_overflow_alcove_4,
          wad_floor_pattern_untrapped, minmay_box_of_dots
D:5:      layout_layer_cave, minmay_temple_entry_mini_moons,
          cheibrodos_sewer_entry_bend
D:6:      minmay_angry_zag, layout_rooms, nicolae_ossuary_entry_giza
D:7:      layout_rooms, enter_bailey_3, serial_shops, shop_coins,
          minmay_misc_feat_plants

Skill      XL: |  1  2  3  4  5  6  7 |
---------------+----------------------+-----
Ranged Weapons | 3 5 7 |  7.6
Fighting       | 2 4 |  4.8
Armour         | 1 |  1.6
Dodging        | |  1.5
Spellcasting   | |  1.0
Hexes          | |  2.6

Action                     |  1- 3 |  4- 6 |  7- 9 || total
---------------------------+-------+-------+-------++-------
   Fire: Sling             |    95 |    95 |   109 ||   299
    Use: Scroll            |     9 |     1 |       ||    10
         Potion            |     3 |       |     1 ||     4
 Armour: Robe              |     6 |       |       ||     6
         Ring mail         |    22 |    32 |    45 ||    99
  Dodge: Dodged            |    20 |    31 |    52 ||   103

Table legend:
 A = Non-vault XP
 B = Vault XP
 C = Vault XP percentage of total XP
 D = Non-vault monster count
 E = Vault monster count
 F = Vault count percentage of total count
                 A         B        C        D         E       F
            +---------+---------+-------+---------+---------+-------
      Total |     852 |     375 |  30.6 |      71 |       3 |   4.1
            +---------+---------+-------+---------+---------+-------
        D:1 |      34 |       0 |   0.0 |      21 |       0 |   0.0
        D:2 |      35 |       0 |   0.0 |      14 |       0 |   0.0
        D:3 |     209 |     286 |  57.8 |      20 |       1 |   4.8
        D:4 |      54 |      89 |  62.2 |       4 |       2 |  33.3
        D:5 |     113 |       0 |   0.0 |       1 |       0 |   0.0
        D:6 |     148 |       0 |   0.0 |       7 |       0 |   0.0
        D:7 |     259 |       0 |   0.0 |       4 |       0 |   0.0
            +---------+---------+-------+---------+---------+-------
